 Dungeon Crawl Stone Soup version 0.21-a0-272-g984ae92 (webtiles) character file.

55 Goblin1989 the Insei (level 3, 0/28 HPs)
             Began as a Gnoll Transmuter on Sept 16, 2017.
             Slain by George's ghost (4 damage)
             ... on level 3 of the Dungeon.
             The game lasted 00:05:46 (1050 turns).

Goblin1989 the Insei (Gnoll Transmuter)             Turns: 1050, Time: 00:05:47

Health: 0/28       AC:  5    Str:  7    XL:     3   Next: 93%
Magic:  8/8        EV: 12    Int:  7    God:
Gold:   33         SH:  0    Dex:  7    Spells: 6/9 levels left

rFire    . . .     SeeInvis .     - Unarmed
rCold    . . .     Gourm    .   (no shield)
rNeg     + . .     Faith    .   l - +1 robe {rN+}
rPois    .         Spirit   .   g - +0 helmet
rElec    .         Reflect  .   (no cloak)
rCorr    .         Harm     .   p - +0 pair of gloves
MR       .....                  (no boots)
Stlth    +.........             (no amulet)
HPRegen  0.09/turn              (no ring)
MPRegen  0.11/turn              (no ring)

@: confused, lethally poisoned (0 -> -7), very slightly contaminated, hasted,
invisible, very quick
A: unchanging attributes, fangs 1, strong nose
a: no special abilities


You were on level 3 of the Dungeon.
You were hungry.

You visited 1 branch of the dungeon, and saw 4 of its levels.

You collected 118 gold pieces.
You spent 85 gold pieces at shops.

Inventory:

Hand Weapons
 f - a +1 hunting sling
Missiles
 a - 12 arrows
 m - 41 stones (quivered)
 s - 30 sling bullets
Armour
 b - a +0 robe
 g - a +0 helmet (worn)
 j - a +0 ring mail
 l - a +1 robe of positive energy (worn)
 p - a +0 pair of gloves (worn)
Scrolls
 r - 2 scrolls of magic mapping
 S - a scroll of remove curse {@r2}
 T - 2 scrolls of noise
Books
 c - a book of Changes

   Spells                             Type                      Level
   a - Beastly Appendage              Transmutation                1
   b - Sticks to Snakes               Transmutation                2
   c - Spider Form                    Transmutation/Poison         3
   d - Ice Form                       Ice/Transmutation            4
   e - Blade Hands                    Transmutation                5
Comestibles
 e - 2 bread rations {@e1}
 k - a meat ration {@e2}
 o - 4 fruits


   Skills:
 + Level 2.5 Fighting
 + Level 3.2 Dodging
 * Level 4.7 Unarmed Combat
 + Level 3.5 Spellcasting
 + Level 3.1 Transmutations


You had 6 spell levels left.
You knew the following spells:

 Your Spells              Type           Power        Failure   Level  Hunger
a - Beastly Appendage     Tmut           #.....       9%          1    ##.....
b - Sticks to Snakes      Tmut           #.......     13%         2    ###....


Dungeon Overview and Level Annotations

Branches:
Dungeon (4/15)
 Temple: D:4-7

Altars:

Shops:
D:4 ?

Annotations:
D:3 George's ghost, amateur MiFi


Innate Abilities, Weirdness & Mutations

Your physical attributes are unchanging.
You have very sharp teeth.
Your uncanny sense of smell can sniff out nearby items.


Message History

You closely miss the bat. The bat hits you but does no damage.
You hit the bat.
You kill the bat!
The hobgoblin closely misses you.
You hit the jackal. Your punch misses the jackal. Your bite misses the jackal.
The jackal is severely wounded.
The hobgoblin hits you but does no damage.
The jackal closely misses you.
The orc wizard gestures wildly while chanting.
The orc wizard seems to speed up.
You miss the jackal.
The jackal is severely wounded.
The jackal closely misses you. The hobgoblin misses you.
You closely miss the jackal. You bite the jackal, but do no damage.
The jackal is heavily wounded.
The jackal closely misses you. The hobgoblin completely misses you.
The jackal bites you but does no damage.
A kobold comes into view. It is wielding a short sword.
You barely miss the jackal.
The jackal is heavily wounded.
The hobgoblin barely misses you. The jackal barely misses you.
George's ghost makes a sound of rattling chains.
You are feeling hungry.
You hit the jackal.
You kill the jackal!
The hobgoblin barely misses you.
George's ghost says, "Live by the sword, die by the sword."
You closely miss the jackal.
The jackal bites you but does no damage.
The hobgoblin hits you.
* * * LOW HITPOINT WARNING * * *
A kobold comes into view.
You take 1 damage, and have 12/28 hp.
You hit the jackal.
The jackal is moderately wounded.
The jackal misses you. The hobgoblin misses you. The jackal barely misses you.
You fade into invisibility!
The jackal closely misses you. The hobgoblin misses you.
The orc wizard points at you and mumbles some strange words.
The puff of flame hits the orc.
You are very lightly contaminated with residual magic.
Unknown command.
You closely miss the jackal.
The jackal is moderately wounded.
The jackal bites you but does no damage.
The kobold wields a blowgun.
The kobold shoots a poisoned needle.
The poisoned needle hits George's ghost!
The hobgoblin barely misses you.
You catch the helpless jackal completely off-guard!
You hit the jackal.
You kill the jackal!
The jackal pauses to sniff the ground.
The hobgoblin misses you.
The orc wizard gestures at you while chanting.
The magic dart hits something.
The kobold shoots a poisoned needle.
The poisoned needle hits George's ghost!
You hear a shout!
You hit the orc.
You kill the orc!
The hobgoblin barely misses you.
You hear some strange, mumbled words.
A puff of flame appears from out of thin air!
The puff of flame misses you.
The puff of flame hits the hobgoblin.
The hobgoblin dies!
You see here a jackal corpse.
You miss something. Your bite misses something.
Something hits you but does no damage.
The kobold shoots a poisoned needle.
The poisoned needle hits George's ghost!
You barely miss something. Something hits you but does no damage.
You barely miss something. George's ghost closely misses you.
Something hits you but does no damage.
You closely miss something.
The kobold shoots a poisoned needle.
The poisoned needle completely misses the kobold.
The poisoned needle hits George's ghost!
George's ghost misses you. Something hits you.
* * * LOW HITPOINT WARNING * * *
You take 3 damage, and have 9/28 hp.
You barely miss something.
An orc wizard appears from thin air!
Reactivating autopickup.
The kobold shoots a poisoned needle.
The poisoned needle closely misses the kobold.
The poisoned needle barely misses George's ghost.
The poisoned needle hits you!
You are poisoned.
George's ghost hits you.
* * * LOW HITPOINT WARNING * * *
You hear some strange, mumbled words.
Deactivating autopickup; reactivate with Ctrl-A.
You are confused.
You take 5 damage, and have 4/28 hp.
It was a potion of haste.
You feel yourself speed up.
* * * LOW HITPOINT WARNING * * *
You feel sick.
The kobold shoots a poisoned needle.
The poisoned needle hits the kobold.
The kobold is poisoned.
George's ghost closely misses you. Something completely misses you.
Unknown command.
You bump into the rock wall.
The kobold shoots a poisoned needle.
The poisoned needle hits the kobold!
The kobold looks even sicker.
George's ghost hits you.
You die...

█...█ █...█ █...█
█...██ ███ █....█
.... █..>.█ .....
██....█
....oo█████..██.██
....Jo{@WK>........
.....h████K████.███
..... ..█ █ .(..
...█ ██. ....█ .. ∆
.....█ █ ......█
█.......


You could see 2 orc wizards, George's ghost, an ooze, an orc, a jackal and 2
kobolds.

Vanquished Creatures
  A hound (D:4)
  A dart slug (D:1)
  A leopard gecko (D:1)
  An orc (D:3)
  A giant cockroach (D:2)
  2 goblins (D:1)
  A hobgoblin (D:1)
  2 jackals (D:3)
  2 kobolds (D:1)
  A quokka (D:3)
  3 bats
  4 rats (D:1)
20 creatures vanquished.

Vanquished Creatures (others)
  A hobgoblin (D:3)
1 creature vanquished.

Grand Total: 21 creatures vanquished

Notes
Turn   | Place    | Note
-------+----------+-------------------------------------------
     0 | D:1      | Goblin1989 the Gnoll Transmuter began the quest for the Orb.
     0 | D:1      | Reached XP level 1. HP: 15/15 MP: 4/4
   180 | D:1      | Reached XP level 2. HP: 22/22 MP: 6/6
   609 | D:2      | You fall through a shaft for 2 floors!
   613 | D:4      | Learned a level 2 spell: Sticks to Snakes
   647 | D:4      | HP: 1/22 [hound (3)]
   649 | D:4      | Reached XP level 3. HP: 2/28 MP: 8/8
   993 | D:4      | Found Fimpirghu's Magic Scroll Emporium.
   998 | D:4      | Bought a scroll of magic mapping for 35 gold pieces
   998 | D:4      | Bought a scroll of identify for 20 gold pieces
   998 | D:4      | Bought a scroll of remove curse for 30 gold pieces
  1020 | D:3      | Noticed George's ghost (amateur MiFi)
  1050 | D:3      | Slain by George's ghost

Vault maps used:
D:1:      dpeg_arrival_chambers_temple_mockup
D:2:      minmay_pentomino_p4
D:3:      first_bread, uniq_jessica, uniq_terence
D:4:      temple_green, serial_shops, kennysheep_little_box, st_stairs_1,
          grunt_decor_cap

Skill      XL: |  1  2 |
---------------+-------+-----
Fighting       | 2 |  2.5
Dodging        | 3 |  3.2
Transmutations | 3 |  3.1
Unarmed Combat | |  4.7
Spellcasting   | |  3.5

Action                   || total
-------------------------++-------
Melee: Unarmed           ||    96
       Bite              ||     3
 Cast: Beastly Appendage ||     1
  Use: Potion            ||     3
       Scroll            ||     4
 Stab: Invisible         ||     1
Armor: Robe              ||    35
Dodge: Dodged            ||    84

Table legend:
 A = Spawn XP
 B = Non-spawn XP
 C = Spawn XP percentage of total XP
 D = Spawn monster count
 E = Non-spawn monster count
 F = Spawn count percentage of total count
 G = Total turns spent on level
                    A         B        C        D         E        F      G
               +---------+---------+-------+---------+---------+-------+---------
         Total |       0 |      79 |   0.0 |       0 |      20 |   0.0 |  1050
               +---------+---------+-------+---------+---------+-------+---------
           D:1 |       0 |      22 |   0.0 |       0 |      12 |   0.0 |   571
           D:2 |       0 |       4 |   0.0 |       0 |       2 |   0.0 |    38
           D:3 |       0 |       8 |   0.0 |       0 |       5 |   0.0 |    41
           D:4 |       0 |      45 |   0.0 |       0 |       1 |   0.0 |   400
               +---------+---------+-------+---------+---------+-------+---------

Vault maps used:
D:1:      dpeg_arrival_chambers_temple_mockup
D:2:      minmay_pentomino_p4
D:3:      first_bread, uniq_jessica, uniq_terence
D:4:      temple_green, serial_shops, kennysheep_little_box, st_stairs_1,
          grunt_decor_cap
